 Dungeon Crawl Stone Soup version 0.29.1-12-g30fa7ad0bf (webtiles) character file.

Game seed: 13033207673863429595

87 xzight the Shield-Bearer (level 4, 0/41 HPs)
             Began as a Gnoll Fighter on Dec 29, 2022.
             Slain by an orc wizard
             ... wielding a +0 dagger
              (1 damage)
             ... on level 3 of the Dungeon.
             The game lasted 00:02:34 (1484 turns).

xzight the Shield-Bearer (Gnoll Fighter)            Turns: 1484, Time: 00:02:35

Health: 0/41       AC:  7    Str: 15    XL:     4   Next: 51%
Magic:  5/5        EV: 13    Int:  9    God:
Gold:   116        SH:  5    Dex: 12    Spells: 5/5 levels left

rFire   . . .      SeeInvis .   a - +0 trident
rCold   . . .      Faith    .   c - +0 buckler
rNeg    . . .      Spirit   .   b - +0 scale mail
rPois   .          Reflect  .   (no helmet)
rElec   .          Harm     .   (no cloak)
rCorr   .          Rampage  .   (no gloves)
Will    .....                   (no boots)
Stlth   ..........              (no amulet)
HPRegen 0.13/turn               E - +4 ring of evasion
MPRegen 0.09/turn               (no ring)

@: brilliant
A: fangs 1, strong nose, distributed training
a: no special abilities


You were on level 3 of the Dungeon.
You visited 1 branch of the dungeon, and saw 3 of its levels.

You collected 116 gold pieces.


Innate Abilities, Weirdness & Mutations

You have very sharp teeth.
Your uncanny sense of smell can sniff out nearby items.
Your experience applies equally to all skills.


   Skills:
 + Level 6.6 Fighting
 + Level 1.2 Short Blades
 + Level 1.2 Long Blades
 + Level 1.2 Axes
 + Level 1.2 Maces & Flails
 + Level 4.7 Polearms
 + Level 1.2 Staves
 + Level 1.2 Ranged Weapons
 + Level 1.2 Throwing
 + Level 6.6 Armour
 + Level 1.2 Dodging
 + Level 1.2 Stealth
 + Level 6.6 Shields
 + Level 1.2 Unarmed Combat
 + Level 1.2 Spellcasting
 + Level 1.0 Conjurations
 + Level 1.0 Hexes
 + Level 1.0 Summonings
 + Level 1.0 Necromancy
 + Level 1.0 Translocations
 + Level 1.0 Transmutations
 + Level 1.0 Fire Magic
 + Level 1.0 Ice Magic
 + Level 1.0 Air Magic
 + Level 1.0 Earth Magic
 + Level 1.0 Poison Magic
 + Level 1.3 Invocations
 + Level 1.2 Evocations


You had 5 spell levels left.
You didn't know any spells.
Your spell library was empty.

Inventory:

Hand Weapons
 a - a +0 trident (weapon)
Armour
 b - a +0 scale mail (worn)
 c - a +0 buckler (worn)
 h - a +0 pair of boots
Jewellery
 E - a +4 ring of evasion (left hand)
Scrolls
 f - a scroll of vulnerability {unknown}
 j - a scroll of identify {unknown}
 k - a scroll of noise {unknown}
 n - a scroll of fear {unknown}
Potions
 d - 2 potions of might
 e - a potion of heal wounds {unknown}
 g - a potion of lignification {unknown}
 i - a potion of cancellation {unknown}
 l - a potion of brilliance
 m - a potion of curing {unknown}

Dungeon Overview and Level Annotations

Branches:
Dungeon (3/15)

Altars:

Shops:
D:2

(
...
#.#
#.#
#.#
#o#
#o#
#{#
#@#
#.#
#.#
#.#
#.#
#.#
#.#
#.#
#.#


You could see 2 orcs.


Message History

Your Transmutations skill increases to level 1!
Your Fire Magic skill increases to level 1!
Your Ice Magic skill increases to level 1!
Your Air Magic skill increases to level 1!
Your Earth Magic skill increases to level 1!
Your Poison Magic skill increases to level 1!
You closely miss something. Something hits you but does no damage.
You barely miss something. Something hits you.
* * * LOW HITPOINT WARNING * * *
You hit something. Something hits you.
* * * LOW HITPOINT WARNING * * *
You hit something.
Something hits you but does no damage. x2
You miss something. Something hits you but does no damage.
You miss something. Something hits you but does no damage.
You miss something. Something hits you.
* * * LOW HITPOINT WARNING * * *
You closely miss something. You bite something.
Something hits you but does no damage.
You miss something. Something hits you but does no damage.
You miss something. Something hits you.
* * * LOW HITPOINT WARNING * * *
It was a potion of brilliance.
You feel clever all of a sudden. Something hits you but does no damage.
You miss something. Something hits you but does no damage.
You hit something. Something hits you.
* * * LOW HITPOINT WARNING * * *
You miss something. Something barely misses you.
You closely miss something. Something hits you.
You die...

Skill      XL: |  1  2  3  4 |
---------------+-------------+-----
Invocations    | 1 |  1.3
Short Blades   | 1 |  1.2
Long Blades    | 1 |  1.2
Axes           | 1 |  1.2
Maces & Flails | 1 |  1.2
Staves         | 1 |  1.2
Ranged Weapons | 1 |  1.2
Throwing       | 1 |  1.2
Dodging        | 1 |  1.2
Stealth        | 1 |  1.2
Unarmed Combat | 1 |  1.2
Spellcasting   | 1 |  1.2
Evocations     | 1 |  1.2
Conjurations   | 1 |  1.0
Hexes          | 1 |  1.0
Summonings     | 1 |  1.0
Necromancy     | 1 |  1.0
Translocations | 1 |  1.0
Transmutations | 1 |  1.0
Fire Magic     | 1 |  1.0
Ice Magic      | 1 |  1.0
Air Magic      | 1 |  1.0
Earth Magic    | 1 |  1.0
Poison Magic   | 1 |  1.0
Fighting       | |  6.6
Polearms       | |  4.7
Armour         | |  6.6
Shields        | |  6.6

Action                   |  1- 3 |  4- 6 || total
-------------------------+-------+-------++-------
Melee: Trident           |   156 |    16 ||   172
       Bite              |     6 |     1 ||     7
  Use: Potion            |       |     1 ||     1
Armor: Scale mail        |    44 |     9 ||    53
Dodge: Dodged            |    61 |     1 ||    62
Block: Buckler           |    28 |       ||    28

Levels and vault maps discovered:
D:1:      co_arrival_random_square_maze, layout_rooms, minmay_door_square,
          dk_noncrumbling_2
D:2:      layout_basic, serial_shops, nicolae_shop_bloodbath_and_beyond
D:3:      layout_rooms, minitemple, kennysheep_generic_room_11

Notes
Turn   | Place    | Note
-------+----------+-------------------------------------------
     0 | D:1      | xzight the Gnoll Fighter began the quest for the Orb.
     0 | D:1      | Reached XP level 1. HP: 23/23 MP: 1/1
   191 | D:1      | Reached XP level 2. HP: 28/29 MP: 2/2
   849 | D:2      | Reached XP level 3. HP: 35/35 MP: 3/3
   866 | D:2      | Found Gaejey's Weapon Shoppe.
   988 | D:2      | Reached skill level 1 in Invocations
  1191 | D:2      | Reached skill level 1 in Short Blades
  1191 | D:2      | Reached skill level 1 in Long Blades
  1191 | D:2      | Reached skill level 1 in Axes
  1191 | D:2      | Reached skill level 1 in Maces & Flails
  1191 | D:2      | Reached skill level 1 in Staves
  1191 | D:2      | Reached skill level 1 in Ranged Weapons
  1191 | D:2      | Reached skill level 1 in Throwing
  1191 | D:2      | Reached skill level 1 in Dodging
  1191 | D:2      | Reached skill level 1 in Stealth
  1191 | D:2      | Reached skill level 1 in Unarmed Combat
  1191 | D:2      | Reached skill level 1 in Spellcasting
  1191 | D:2      | Reached skill level 1 in Evocations
  1468 | D:3      | Reached XP level 4. HP: 17/41 MP: 5/5
  1470 | D:3      | Reached skill level 1 in Conjurations
  1470 | D:3      | Reached skill level 1 in Hexes
  1470 | D:3      | Reached skill level 1 in Summonings
  1470 | D:3      | Reached skill level 1 in Necromancy
  1470 | D:3      | Reached skill level 1 in Translocations
  1470 | D:3      | Reached skill level 1 in Transmutations
  1470 | D:3      | Reached skill level 1 in Fire Magic
  1470 | D:3      | Reached skill level 1 in Ice Magic
  1470 | D:3      | Reached skill level 1 in Air Magic
  1470 | D:3      | Reached skill level 1 in Earth Magic
  1470 | D:3      | Reached skill level 1 in Poison Magic
  1479 | D:3      | HP: 2/41 [something (3)]
  1484 | D:3      | Slain by an orc wizard

Vanquished Creatures
  An orc priest (D:3)
  2 adders (D:2)
  4 dart slugs
  An orc (D:3)
  5 bats
  4 endoplasms
  3 goblins
  4 hobgoblins
  5 kobolds (D:1)
  A quokka (D:1)
  2 ball pythons
32 creatures vanquished.

Table legend: (Time is in decaauts)
 A = Elapsed time spent in this place.
 B = Non-inter-level travel time spent in this place.
 C = Inter-level travel time spent in this place.
 D = Time resting spent in this place.
 E = Time spent auto-exploring this place.
 F = Levels seen in this place.
 G = Mean time per level.
                   A        B        C        D        E       F      G
               +--------+--------+--------+--------+--------+-----+--------+
         Total |   1501 |   1488 |     13 |      0 |   1172 |   3 |  500.3 |
       Dungeon |   1501 |   1488 |     13 |      0 |   1172 |   3 |  500.3 |
               +--------+--------+--------+--------+--------+-----+--------+

Top non-repeatable levels by time:
     D:1: 760 daAuts
     D:2: 669 daAuts
     D:3: 72 daAuts

Table legend:
 A = Non-vault XP
 B = Vault XP
 C = Vault XP percentage of total XP
 D = Non-vault monster count
 E = Vault monster count
 F = Vault count percentage of total count
                 A         B        C        D         E       F
            +---------+---------+-------+---------+---------+-------
      Total |     125 |       0 |   0.0 |      32 |       0 |   0.0
            +---------+---------+-------+---------+---------+-------
        D:1 |      31 |       0 |   0.0 |      17 |       0 |   0.0
        D:2 |      50 |       0 |   0.0 |      13 |       0 |   0.0
        D:3 |      44 |       0 |   0.0 |       2 |       0 |   0.0
            +---------+---------+-------+---------+---------+-------
